 Dungeon Crawl Stone Soup version 0.31-a0-845-g9abc20d24f (webtiles) character file.

Game seed: 4800264388703121092

8394 Dirtsage the Cleaver (level 11, -4/94 HPs)
             Began as a Minotaur Fighter on Oct 3, 2023.
             Was a Follower of the Shining One.
             Killed from afar by an acid dragon (33 damage)
             ... with a splash of acid
             ... on level 9 of the Dungeon.
             The game lasted 00:14:00 (8355 turns).

Dirtsage the Cleaver (Minotaur Fighter)             Turns: 8355, Time: 00:14:00

Health: -4/94      AC:  9    Str: 29    XL:     11   Next: 9%
Magic:  13/14      EV: 11    Int:  5    God:    the Shining One [*.....]
Gold:   194        SH: 14    Dex: 12    Spells: 10/10 levels left

rFire   . . .        D - +0 broad axe
rCold   . . .        c - +0 buckler
rNeg    . . .        E - +0 chain mail
rPois   .            (helmet restricted)
rElec   .            v - +0 cloak
rCorr   .            (no gloves)
SInv    .            e - +0 pair of boots
Will    .....        (no amulet) Stlth
                     C - +6 ring of strength
HPRegen 0.35/turn    (no ring)
MPRegen 0.14/turn

%: no passive effects
@: divinely shielded, corroded, glowing
A: horns 2, retaliatory headbutt
a: Renounce Religion, Divine Shield


You were on level 9 of the Dungeon.
You worshipped the Shining One.
The Shining One was aware of your devotion.
You visited 3 branches of the dungeon, and saw 11 of its levels.
You also visited: Ossuary.

You collected 585 gold pieces.
You spent 391 gold pieces at shops.

Inventory:

Hand Weapons
 a - a +0 war axe
 D - a +0 broad axe (weapon)
Armour
 c - a +0 buckler (worn)
 e - a +0 pair of boots (worn)
 v - a +0 cloak (worn)
 E - a +0 chain mail (worn)
Jewellery
 u - a ring of fire
 C - a +6 ring of strength (left hand)
Wands
 k - a wand of mindburst (21)
 n - a wand of paralysis (4)
 A - a wand of flame (32)
Scrolls
 b - a scroll of amnesia {unknown}
 i - a scroll of silence {unknown}
 o - 4 scrolls of fog {unknown}
 p - 4 scrolls of poison {unknown}
 r - 2 scrolls of brand weapon {unknown}
 t - 5 scrolls of teleportation
 w - 2 scrolls of enchant weapon {unknown}
 y - 2 scrolls of noise {unknown}
 z - a scroll of vulnerability {unknown}
 B - 3 scrolls of blinking
 G - 3 scrolls of immolation {unknown}
 H - a scroll of acquirement {unknown}
 I - a scroll of fear {unknown}
Potions
 d - 4 potions of might
 f - 2 potions of attraction
 g - 3 potions of brilliance
 h - 4 potions of haste
 j - 2 potions of ambrosia {unknown}
 l - 2 potions of heal wounds
 m - 2 potions of magic {unknown}
 q - 7 potions of curing
 s - 2 potions of lignification
 x - a potion of berserk rage
 F - a potion of invisibility {unknown}
 J - a potion of resistance {unknown}


   Skills:
 + Level 7.8 Fighting
 + Level 13.9 Axes
 + Level 7.8 Armour
 + Level 6.2 Dodging
 + Level 7.7 Shields
 + Level 5.4 Invocations


You had 10 spell levels left.
You didn't know any spells.
Your spell library contained the following spells:

 Spells                   Type           Power      Damage    Failure   Level
 Freeze                   Ice            0%         1d3       92%         1
 Sandblast                Erth           0%         2d4       92%         1
 Slow                     Hex            0%         N/A       92%         1
 Passwall                 Tmut/Erth      0%         N/A       98%         2
 Confusing Touch          Hex            0%         N/A       100%        3
 Frozen Ramparts          Ice            0%         1d1       100%        3
 Ignite Poison            Fire/Tmut/Pois 0%         N/A       100%        3
 Sigil of Binding         Hex            0%         N/A       100%        3
 Stone Arrow              Conj/Erth      0%         3d7       100%        3
 Tukima's Dance           Hex            0%         N/A       100%        3
 Vampiric Draining        Necr           0%         2d6       100%        3
 Brom's Barrelling Bould  Conj/Erth      0%         2d3       100%        4
 Dimensional Bullseye     Hex/Tloc       0%         N/A       100%        4
 Iskenderun's Mystic Bla  Conj/Tloc      0%         2d3       100%        4
 Petrify                  Tmut/Erth      0%         N/A       100%        4
 Sticky Flame             Conj/Fire      0%         2d3       100%        4
 Alistair's Intoxication  Tmut/Pois      0%         N/A       100%        5
 Borgnjor's Vile Clutch   Necr/Erth      0%         N/A       100%        5
 Metabolic Englaciation   Hex/Ice        0%         N/A       100%        5
 Eringya's Noxious Bog    Tmut/Pois      0%         4d6       100%        6
 Starburst                Conj/Fire      0%         6d3       100%        6
 Malign Gateway           Summ/Tloc      0%         N/A       100%        7
 Ignition                 Fire           0%         3d3       100%        8
 Summon Horrible Things   Summ           0%         N/A       100%        8


Dungeon Overview and Level Annotations

Branches:
Dungeon (9/15)             Temple (1/1) D:7            Lair (1/5) D:8
Ossuary (visited)
    Orc: D:9-12

Altars:
Ashenzari
Cheibriados
Dithmenos
Elyvilon
Fedhas
Gozag
Hepliaklqana
Kikubaaqudgha
Makhleb
Nemelex Xobeh
Qazlal
Ru
Sif Muna
Uskayaw
Vehumet
Wu Jian
Yredelemnul
Zin
The Shining One

Shops:
D:4 :   D:6 *!?*

Annotations:
D:1 1 transporter
D:5 1 runed translucent door, baljet's ghost, amateur TrSh


Innate Abilities, Weirdness & Mutations

You have a pair of horns on your head.
You reflexively headbutt those who attack you in melee.


Message History

The acid dragon spits acid at you. The splash of acid hits you!
The acid corrodes you!
You take 17 damage, and have 44/94 hp.
You closely miss the killer bee. Your headbutt misses the killer bee.
You closely miss the killer bee. You block the killer bee's attack.
The killer bee stings you.
You are poisoned.
The killer bee poisons you! The killer bee stings you.
You are more poisoned.
The killer bee poisons you! You block the killer bee's attack.
You take 10 damage, and have 34/94 hp.
You slash the killer bee!
The killer bee is almost dead.
You miss the killer bee. You slash the acid dragon!
You feel very sick. The killer bee stings you.
You are more poisoned.
The killer bee poisons you! You block the killer bee's attack.
You take 3 damage, and have 31/94 hp.
You closely miss the killer bee. Your headbutt misses the killer bee.
You slash the killer bee!
You kill the killer bee!
You barely miss the acid dragon.
You feel very sick. The killer bee closely misses you.
You block the acid dragon's attack. The acid dragon claws you.
* * * LOW HITPOINT WARNING * * *
You block the killer bee's attack.
You take 7 damage, and have 24/94 hp.
You feel better.
The killer bee stings you but does no damage.
You block the acid dragon's attack. The acid dragon barely misses you.
You block the killer bee's attack.
You regained 11 hp, and now have 35/94 hp.
You closely miss the killer bee.
You headbutt the killer bee, but do no damage.
You barely miss the acid dragon. The killer bee stings you!
The acid dragon spits acid at you. The splash of acid hits you!!
You die...

..#..# .....# #....
.....# #...# #....#
#...# #....#### .+
#...# #........
.#######...# #Dy..#
...........##+##@...#
....................#
....................#
.......##...........#
.......#..##)#####..#
.......#.........#..#
.......#.........#.='.
.......#.........#..#'#
.......#.....<...# ..


You could see an acid dragon (catching breath) and a killer bee.

Vanquished Creatures
  A two-headed ogre (D:9)
  Pikel (D:5)
  Jeremiah (D:6)
  2 komodo dragons (Lair:1)
  A hornet (D:9)
  Sigmund (D:4)
  A shadow (D:6)
  A wyvern (D:9)
  3 steam dragons (D:7)
  Menkaure (D:4)
  11 water moccasins
  Edmund (D:4)
  Duvessa (D:5)
  An orc warrior (D:8)
  2 sky beasts (D:8)
  An ice beast (D:7)
  2 black bears
  11 wolves (Lair:1)
  2 centaurs
  A phantom (D:6)
  3 kobold brigands
  8 bullfrogs
  2 elf zombies (Ossuary)
  A gnoll sergeant (D:7)
  A scorpion (D:5)
  Dowan (D:5)
  3 killer bees
  2 jellies
  4 hounds
  A quasit (D:6)
  3 human zombies (Ossuary)
  3 orc priests
  2 gnoll boudas
  2 sleepcaps
  3 iguanas
  7 orc wizards
  4 mummies (Ossuary)
  Robin (D:4)
  14 gnolls
  6 adders
  6 shadow imps
  2 white imps (D:6)
  9 ufetubi
  5 worms
  A dart slug (D:4)
  22 orcs
  5 ball pythons
  6 bats
  5 endoplasms
  3 giant cockroaches
  13 goblins
  17 hobgoblins
  6 jackals
  6 kobolds
  2 quokkas
  4 frilled lizards
  2 goblin zombies (Ossuary)
  3 orc zombies (Ossuary)
  6 rats
  2 rat zombies (Ossuary)
242 creatures vanquished.

Notes
Turn   | Place    | Note
-------+----------+-------------------------------------------
     0 | D:1      | Dirtsage the Minotaur Fighter began the quest for the Orb.
     0 | D:1      | Reached XP level 1. HP: 19/19 MP: 0/0
   167 | D:1      | Reached skill level 3 in Axes
   222 | D:1      | Reached XP level 2. HP: 26/26 MP: 1/1
   701 | D:1      | Reached skill level 4 in Axes
   876 | D:2      | Found a hazy altar of Hepliaklqana.
   878 | D:2      | Identified the +6 spear "Ativop" {heavy, Dex+5}
   995 | D:2      | Reached XP level 3. HP: 23/31 MP: 2/2
  1378 | D:2      | Reached skill level 5 in Axes
  1549 | D:2      | Reached XP level 4. HP: 37/39 MP: 3/3
  1941 | D:3      | Got a loosely-bound book
  2279 | D:4      | Found Fituosag's Tiny Tomes.
  2352 | D:4      | Reached skill level 6 in Axes
  2535 | D:4      | Noticed Sigmund
  2541 | D:4      | Killed Sigmund
  2542 | D:4      | Reached skill level 7 in Axes
  2542 | D:4      | Reached XP level 5. HP: 24/45 MP: 4/4
  2542 | D:4      | Reached XP level 6. HP: 28/51 MP: 5/5
  2627 | D:4      | Noticed Edmund
  2634 | D:4      | Killed Edmund
  2635 | D:4      | Reached skill level 8 in Axes
  2750 | D:4      | Noticed Menkaure
  2760 | D:4      | Killed Menkaure
  2761 | D:4      | Reached skill level 9 in Axes
  2849 | D:4      | Found a burning altar of Makhleb.
  2851 | D:4      | Noticed a blizzard demon
  3065 | D:4      | Noticed Robin
  3073 | D:4      | Killed Robin
  3074 | D:4      | Reached XP level 7. HP: 57/57 MP: 6/6
  3214 | D:5      | Entered Level 5 of the Dungeon
  3221 | D:5      | Found a sacrificial altar of Ru.
  3222 | D:5      | Found an ancient bone altar of Kikubaaqudgha.
  3223 | D:5      | Found a snail-covered altar of Cheibriados.
  3226 | D:5      | Noticed Pikel
  3237 | D:5      | Killed Pikel
  3238 | D:5      | Reached skill level 11 in Axes
  3238 | D:5      | Reached XP level 8. HP: 53/64 MP: 7/7
  3391 | D:5      | Found a runed translucent door.
  3392 | D:5      | Noticed baljet's ghost (amateur TrSh)
  3592 | D:5      | Found a shimmering blue altar of Sif Muna.
  3592 | D:5      | Noticed Duvessa
  3592 | D:5      | Noticed Dowan
  3606 | D:5      | Killed Duvessa
  3607 | D:5      | Reached skill level 12 in Axes
  3610 | D:5      | Killed Dowan
  4172 | D:6      | Reached skill level 1 in Dodging
  4172 | D:6      | Reached skill level 1 in Invocations
  4225 | D:6      | Found Mady's Assorted Antiques.
  4233 | D:6      | Bought a knobbly brass ring for 95 gold pieces
  4233 | D:6      | Bought a broad axe for 76 gold pieces
  4380 | D:6      | Reached XP level 9. HP: 48/72 MP: 9/9
  4389 | D:6      | Found a sand-covered staircase.
  4398 | Ossuary  | Entered an ossuary
  4613 | Ossuary  | Reached skill level 5 in Fighting
  4683 | Ossuary  | Reached skill level 5 in Armour
  4784 | D:6      | Reached skill level 5 in Shields
  4826 | D:6      | Noticed Jeremiah
  4831 | D:6      | Found Qigry's Distillery.
  4850 | D:6      | Killed Jeremiah
  5092 | D:6      | Bought a potion of curing for 45 gold pieces
  5227 | D:6      | Found Kunac Poutint's Assorted Antiques.
  5240 | D:6      | Found Gouskink's Magic Scroll Shoppe.
  5258 | D:6      | Bought a scroll of identify for 28 gold pieces
  5258 | D:6      | Bought a scroll of blinking for 105 gold pieces
  5258 | D:6      | Bought a scroll of teleportation for 42 gold pieces
  5341 | D:6      | Found a glowing silver altar of Zin.
  5434 | D:7      | Found a staircase to the Ecumenical Temple.
  5450 | Temple   | Entered the Ecumenical Temple
  5477 | Temple   | Became a worshipper of the Shining One
  5812 | D:7      | Reached skill level 13 in Axes
  6205 | D:7      | Reached XP level 10. HP: 47/83 MP: 11/11
  7042 | D:8      | Found a staircase to the Lair.
  7048 | D:8      | Reached skill level 5 in Dodging
  7098 | D:8      | Found a stormy altar of Qazlal.
  7338 | D:8      | Found a shadowy altar of Dithmenos.
  7525 | D:8      | Reached * piety under the Shining One
  7868 | Lair:1   | Entered Level 1 of the Lair of Beasts
  7892 | Lair:1   | Reached skill level 5 in Invocations
  8230 | D:9      | Paralysed by a hornet for 2 turns
  8233 | D:9      | Reached XP level 11. HP: 78/93 MP: 13/13
  8329 | D:9      | Noticed a two-headed ogre
  8337 | D:9      | Killed a two-headed ogre
  8355 | D:9      | Killed from afar by an acid dragon

Illustrated notes

Levels and vault maps discovered:
D:1:      spicycebolla_arrival_risky_transporter, layout_loops_corners
D:2:      layout_loops_corners, basic_altar, minmay_split_cup_large
D:3:      layout_rooms
D:4:      nicolae_cairo_tiling, layout_basic, makhleb_altar_promises_db,
          nicolae_shop_i_like_small_books_too, kennysheep_another_room,
          sigmund_edmund_badplayer, uniq_robin, uniq_edmund, uniq_menkaure
D:5:      layout_loops_cross, kennysheep_little_box,
          chequers_temple_overflow_statue_of_worship,
          hellmonk_ghost_happy_afterlife, uniq_duvessa, uniq_pikel
D:6:      layout_cave_pools, zin_scriptorium, serial_shops, shop, shop,
          nicolae_shop_tiny_waterfront, nicolae_shop_just_a_little_nook,
          serial_demonic, serial_demonic_a, serial_demonic_d, serial_demonic_d,
          serial_demonic_d, serial_demonic_b, chequers_ossuary_entry_cave,
          minmay_diced_spiral, uniq_jeremiah
D:7:      layout_gridville, minmay_temple_entry_sparse_star
D:8:      layout_basic, nicolae_qazlal_style_of_elements,
          grunt_dithmenos_shadows, due_lair_maze_entry_diamond,
          dreamdust_wishing_well
D:9:      layout_irregular_city, kennysheep_okawaru_gauntlet,
          mainiacjoe_overflow_24_doors, kennysheep_mini, serial_column_ruins,
          column_ruins_hut_water, column_ruins_open_tiny,
          column_ruins_open_medium, column_ruins_grid_3,
          column_ruins_columns_straight, column_ruins_columns_corner,
          column_ruins_columns_dead_end, column_ruins_grid_2
Temple:   nicolae_temple_ecumenical_triangle
Lair:1:   layout_cave_pods, serial_bayou_shore_b

Skill      XL: |  1  2  3  4  5  6  7  8  9 10 |
---------------+-------------------------------+-----
Axes           | 3 4 5 7 9 11 12 13 | 13.9
Fighting       | 4 6 7 |  7.8
Armour         | 4 6 7 |  7.8
Dodging        | 2 4 6 |  6.2
Shields        | 4 6 7 |  7.7
Invocations    | 2 3 5 |  5.4

Action                     |  1- 3 |  4- 6 |  7- 9 | 10-12 || total
---------------------------+-------+-------+-------+-------++-------
  Melee: War axe           |    87 |    61 |    79 |       ||   227
         Headbutt          |     8 |     5 |    53 |    38 ||   104
         Broad axe         |       |       |   179 |   156 ||   335
 Invoke: Divine Shield     |       |       |       |     2 ||     2
  Evoke: Wand              |       |     6 |     4 |       ||    10
    Use: Scroll            |       |       |     7 |       ||     7
         Potion            |       |       |     2 |     1 ||     3
   Stab: Paralysed         |       |     6 |       |       ||     6
 Armour: Scale mail        |    39 |       |       |       ||    39
         Chain mail        |    18 |    37 |   216 |   131 ||   402
  Dodge: Dodged            |    40 |    18 |   110 |    66 ||   234
  Block: Buckler           |    21 |     5 |    80 |    47 ||   153

Table legend: (Time is in decaauts)
 A = Elapsed time spent in this place.
 B = Non-inter-level travel time spent in this place.
 C = Inter-level travel time spent in this place.
 D = Time resting spent in this place.
 E = Time spent auto-exploring this place.
 F = Levels seen in this place.
 G = Mean time per level.
                   A        B        C        D        E       F      G
               +--------+--------+--------+--------+--------+-----+--------+
         Total |   8380 |   8029 |    351 |    675 |   6142 |  12 |  698.3 |
       Dungeon |   7930 |   7617 |    313 |    640 |   5871 |   9 |  881.1 |
        Temple |     40 |      2 |     38 |      0 |      0 |   1 |   40.0 |
          Lair |     67 |     67 |      0 |     35 |      0 |   1 |   67.0 |
       Ossuary |    342 |    342 |      0 |      0 |    271 |   1 |  342.0 |
               +--------+--------+--------+--------+--------+-----+--------+

Top non-repeatable levels by time:
     D:8: 1524 daAuts
     D:4: 1017 daAuts
     D:7: 1010 daAuts
     D:6: 955 daAuts
     D:2: 926 daAuts
     D:5: 913 daAuts
     D:1: 842 daAuts
     D:3: 469 daAuts
 Ossuary: 342 daAuts
     D:9: 271 daAuts
  Lair:1: 67 daAuts
  Temple: 40 daAuts
